Description

Drohnen aus dem Original entfernt und deutsche Übersetzungen ergänzt

Build Order

Get SALT Encoding   

  13  0:12  Overlord  Overlord
  17  0:53  Hatchery  Brutstätte
  17  1:02  Extractor  Extraktor
  18  1:20  Spawning Pool  Brutschleimpool
  21  2:03  Overlord  Overlord
  21  2:06  Queen x2  Königin
  25  2:09  Metabolic Boost  Metabolismusschub (Brutschleimpool)
  25  2:11  Zergling x4  Zergling
  32  2:49  Overlord  Overlord
  34  2:58  Lair  Bau (Mutation Brutstätte)
  34  3:03  Queen  Königin
  36  3:10  Roach Warren  Schabenhöhle
  35  3:12  Overlord  Overlord
  35  3:13  Evolution Chamber  Evolutionskammer
  38  3:29  Overlord  Overlord
  40  3:36  Spore Crawler x2  Sporenkrabbler
  42  3:56  Zerg Missile Weapons Level 1  Level-1-Upgrade für Geschosse (Evolutionskammer)
  42  3:57  Glial Reconstitution  Glia-Neubildung (Schabenhöhle)
  42  4:03  Extractor x2  Extraktor
  42  4:09  Roach  Schabe
  45  4:40  Roach x5  Schabe
  58  4:53  Roach x4  Schabe
  58  4:58  Hatchery  Brutstätte
  68  5:09  Evolution Chamber  Evolutionskammer
  74  5:29  Extractor  Extraktor
  78  5:50  Zerg Missile Weapons Level 2  Level-2-Upgrade für Geschosse (Evolutionskammer)
  78  5:52  Zerg Ground Armor Level 1  Level-1-Upgrade für Bodenpanzer (Evolutionskammer)
  78  6:11  Hydralisk Den  Hydraliskenbau
  87  6:19  Extractor x2  Extraktor
  97  6:48  Hydralisk x2  Hydralisk
  101  6:59  Overseer  Overseer
  101  7:04  Hydralisk x4  Hydralisk
  105  7:13  Hydralisk x2  Hydralisk
  113  7:25  Hydralisk x2  Hydralisk
  119  7:36  Grooved Spines  Stachelprofil (Hydraliskenbau)
  129  7:49  Hatchery  Brutstätte
  138  8:02  Hydralisk Den  Hydraliskenbau
  149  8:25  Zerg Ground Armor Level 2  Level-2-Upgrade für Bodenpanzer (Evolutionskammer)
  149  8:31  Muscular Augments  Muskelfaserverstärkung (Hydraliskenbau)
  165  9:00  Infestation Pit  Verseuchergrube
  164  9:05  Hatchery  Brutstätte
  164  9:07  Queen  Königin
  191  9:33  Zergling x6  Zergling
  200  9:49  Hive  Schwarmstock (Mutation Bau)
  200  9:53  Hydralisk  Hydralisk
Spawning Tool Build Advisor. Get it on Overwolf

Go to:

Details

  • Created by: Hellspawn
  • Published on: Apr 10, 2019
  • Modified on: Apr 10, 2019
  • Patch: 4.7.1
  • Difficulty: Easy
Show
View Real Time Build Order
Export as new Build Order

Comments (0)

There are no comments. Be the first!

Create an account to comment!